AoeStats
← Kimi

Arena

505796321Analyzed
3v3 RM · 22d ago on Sep 11, 2026· 101m 10s· 6 players
Game mode
Random Map
Map size
Normal (6 player)
Population
200
Speed
Normal
Resources
Standard
Victory
Conquest
Starting age
Dark Age
Ending age
Imperial Age
RankedLock teamsTeams togetherTeam positionsShared explorationLock speedFull tech treeHidden civsTurbo modeCheats
Victory
Defeat
🇺🇸 Armenians · United States
1189
+16
🇨🇴 Poles · Colombia
1159
+18
🇺🇸 Vietnamese · United States
1140
+18
🇺🇾 Jurchens · Uruguay
1219
-18
🇺🇾 Japanese · Uruguay
1182
-17
🇺🇾 Turks · Uruguay
1175
-17
Kodrokos
10:51 Feudal Age
15:14 Castle Age
13:27 Double-Bit Axe
14:24 Horse Collar
16:59 Bow Saw
18:59 Loom
22:05 Wheelbarrow
21:18 Town Watch
24:29 Hand Cart
25:56 Elite Skirmisher
26:50 Forging
26:31 Fletching
27:25 Scale Barding Armor
28:43 Iron Casting
28:27 Husbandry
30:22 Bloodlines
30:05 Fletching
31:56 Gold Mining
31:59 Stone Mining
32:28 Heavy Plow
33:25 Chatras
34:13 Bodkin Arrow
34:20 Scale Mail Armor
37:44 Imperial Age
35:17 Pikeman
35:58 Squires
36:44 Chain Mail Armor
36:33 Padded Archer Armor
38:26 Chain Barding Armor
38:14 Halberdier
40:18 Bracer
42:41 Ballistics
42:53 Imperial Skirmisher
43:39 Thumb Ring
43:57 Leather Archer Armor
44:44 Chemistry
46:23 Elite Battle Elephant
46:52 Crossbowman
47:37 Arbalester
57:04 Caravan
75:27 Chain Mail Armor
76:55 Plate Mail Armor
86:00 Two-Man Saw
omaroaing
12:03 Feudal Age
15:56 Castle Age
13:55 Double-Bit Axe
14:14 Horse Collar
17:00 Stone Mining
18:28 Loom
31:42 Fletching
31:58 Gold Mining
32:11 Heavy Plow
33:31 Bodkin Arrow
36:49 Imperial Age
40:20 Bloodlines
40:10 Husbandry
39:31 Light Cavalry
42:47 Winged Hussar
44:27 Winged Hussar
45:55 Forging
45:55 Scale Barding Armor
47:16 Iron Casting
51:33 Blast Furnace
51:55 Chain Barding Armor
61:01 Cavalier
76:05 Crop Rotation
77:18 Bow Saw
92:44 Caravan
95:25 Chemistry
DID JAMB
1:30 Loom
3:50 Loom
11:35 Feudal Age
12:30 Horse Collar
15:52 Castle Age
14:40 Double-Bit Axe
17:06 Bow Saw
17:46 Gold Mining
20:01 Stone Mining
20:48 Gold Shaft Mining
22:34 Wheelbarrow
22:04 Town Watch
22:35 Heavy Plow
23:15 Fletching
23:26 Padded Archer Armor
23:54 Hand Cart
23:57 Scale Mail Armor
25:38 Forging
25:48 Bodkin Arrow
26:55 Padded Archer Armor
27:31 Iron Casting
27:22 Chain Mail Armor
27:43 Town Patrol
27:46 Squires
27:31 Arson
27:32 Gambesons
27:41 Man-at-Arms
29:10 Long Swordsman
30:36 Two-Handed Swordsman
35:32 Imperial Age
33:01 Champion
35:46 Leather Archer Armor
36:57 Fereters
36:19 Capped Ram
37:37 Plate Mail Armor
38:09 Blast Furnace
37:35 Murder Holes
37:53 Masonry
38:44 Chemistry
37:25 Elite Composite Bowman
38:27 Conscription
38:17 Pikeman
39:47 Bracer
39:14 Halberdier
43:45 Coinage
43:26 Guilds
47:41 Banking
50:17 Fortified Wall
50:13 Siege Ram
63:31 Ring Archer Armor
Kimi
11:39 Feudal Age
15:36 Castle Age
14:38 Double-Bit Axe
16:24 Loom
22:23 Padded Archer Armor
32:08 Imperial Age
30:19 Horse Collar
31:31 Wheelbarrow
32:01 Bow Saw
35:20 Elite Janissary
37:44 Leather Archer Armor
41:37 Two-Man Saw
40:38 Heavy Plow
40:25 Loom
42:20 Gold Mining
44:38 Ring Archer Armor
45:19 Artillery
47:43 Fletching
48:09 Fortified Wall
48:20 Ballistics
58:56 Bodkin Arrow
74:42 Hand Cart
74:13 Town Watch
75:43 Bloodlines
75:33 Husbandry
75:41 Scale Barding Armor
75:47 Forging
78:05 Chain Barding Armor
78:21 Iron Casting
81:04 Plate Barding Armor
81:29 Blast Furnace
bolsofp
11:07 Feudal Age
15:09 Castle Age
13:29 Double-Bit Axe
14:41 Horse Collar
14:55 Stone Mining
14:58 Gold Mining
16:19 Bow Saw
19:46 Scale Mail Armor
21:06 Heavy Plow
22:04 Forging
24:10 Chain Mail Armor
30:04 Fortified Wall
30:07 Pikeman
30:50 Squires
30:36 Gambesons
31:35 Gold Shaft Mining
34:36 Imperial Age
32:57 Iron Casting
32:14 Fletching
32:25 Padded Archer Armor
34:46 Wheelbarrow
34:46 Bodkin Arrow
34:56 Halberdier
36:12 Hand Cart
37:24 Chemistry
37:09 Capped Ram
38:24 Ballistics
38:00 Murder Holes
38:56 Conscription
38:56 Arson
41:29 Elite Samurai
45:16 Hoardings
45:51 Plate Mail Armor
46:21 Blast Furnace
47:28 Guard Tower
50:35 Keep
50:04 Yasama
58:27 Elite Skirmisher
59:14 Thumb Ring
59:56 Leather Archer Armor
64:03 Ring Archer Armor
66:47 Bracer
84:46 Scale Barding Armor
86:45 Husbandry
87:05 Light Cavalry
88:01 Bloodlines
88:56 Chain Barding Armor
Dale Lui
11:04 Feudal Age
14:54 Castle Age
12:53 Double-Bit Axe
14:06 Horse Collar
16:05 Bow Saw
15:57 Heavy Plow
16:35 Wheelbarrow
22:22 Gold Mining
28:07 Imperial Age
26:03 Husbandry
26:13 Bloodlines
27:10 Hand Cart
27:36 Scale Barding Armor
27:41 Forging
28:19 Elite Steppe Lancer
30:03 Chemistry
29:45 Iron Casting
30:40 Gold Shaft Mining
31:10 Two-Man Saw
31:36 Blast Furnace
31:00 Chain Barding Armor
37:24 Plate Barding Armor
45:47 Light Cavalry
46:22 Stone Mining
47:39 Hussar
58:29 Fletching
84:37 Masonry
Connection lost

Rejoining the realm…

Still unreachable

The connection could not be restored.

Session expired

The server has moved on; the page needs a fresh start.